SAA
CHESAPEAKE CONTINENTALS @ GLENDALE HERONS
06/25/2020
 
TOP OF THE 1ST
Chesapeake Continentals batting - Pitching for Glendale Herons : RHP Bob McGhee
Pitching: RHP Bob McGhee
Batting: RHB Gustavo Varela 0-0: Ball
1-0: Foul Ball, location: 2F
1-1: Swinging Strike
1-2: Strikes out swinging
Batting: RHB Bryan Wilson 0-0: Ball
1-0: Called Strike
1-1: Fly out, F9 (Line Drive, 89M)
Batting: LHB Wayne Akers 0-0: Ball
1-0: Called Strike
1-1: Ball
2-1: Foul Ball, location: 2F
2-2: Reached on error, E6 (Groundball, 6M)
Batting: RHB Mike Peterson 0-0: Called Strike
0-1: Swinging Strike
0-2: Ball
1-2: Foul Ball, location: 2F
1-2: Foul Ball, location: 2F
1-2: Foul Ball, location: 2F
1-2: Foul Ball, location: 2F
1-2: Foul Ball, location: 2F
1-2: Foul Ball, location: 2F
1-2: Strikes out looking
Top of the 1st over - 0 run(s), 0 hit(s), 1 error(s), 1 left on base; Chesapeake 0 - Glendale 0
BOTTOM OF THE 1ST
Glendale Herons batting - Pitching for Chesapeake Continentals : RHP Aurelio López
Pitching: RHP Aurelio López
Batting: RHB José Villegas 0-0: Called Strike
0-1: Called Strike
0-2: Ball
1-2: Ground out 6-3 (Groundball, 6)
Batting: LHB José Rodríguez 0-0: Called Strike
0-1: Foul Ball, location: 2F
0-2: Ball
1-2: Ground out 5-3 (Groundball, 56)
Batting: RHB Jim Unknown 0-0: Ball
1-0: Called Strike
1-1: Fly out, F9 (Flyball, 89M)
Bottom of the 1st over - 0 run(s), 0 hit(s), 0 error(s), 0 left on base; Chesapeake 0 - Glendale 0
TOP OF THE 2ND
Chesapeake Continentals batting - Pitching for Glendale Herons : RHP Bob McGhee
Batting: SHB Dominique Prost 0-0: Called Strike
0-1: Swinging Strike
0-2: Strikes out swinging
Batting: LHB José Estrada 0-0: Swinging Strike
0-1: Called Strike
0-2: Ball
1-2: Ground out 1-3 (Groundball, 13S)
Batting: RHB Anrrique Bolo 0-0: Ball
1-0: Ball
2-0: Ball
3-0: Swinging Strike
3-1: Foul Ball, location: 2F
3-2: Foul Ball, location: 2F
3-2: Foul Ball, location: 2F
3-2: Fly out, F7 (Flyball, 78M)
Top of the 2nd over - 0 run(s), 0 hit(s), 0 error(s), 0 left on base; Chesapeake 0 - Glendale 0
BOTTOM OF THE 2ND
Glendale Herons batting - Pitching for Chesapeake Continentals : RHP Aurelio López
Batting: RHB Ángel López 0-0: Called Strike
0-1: Fly out, F9 (Flyball, 89S)
Batting: LHB Pedro Rodríguez 0-0: Foul Ball, location: 2F
0-1: Foul Ball, location: 2F
0-2: Ball
1-2: Foul Ball, location: 2F
1-2: Ground out 5-3 (Groundball, 56)
Batting: RHB Ángel Ruezga 0-0: Ball
1-0: Foul Ball, location: 2F
1-1: Ball
2-1: Fly out, F4 (Popup, 4MD)
Bottom of the 2nd over - 0 run(s), 0 hit(s), 0 error(s), 0 left on base; Chesapeake 0 - Glendale 0
TOP OF THE 3RD
Chesapeake Continentals batting - Pitching for Glendale Herons : RHP Bob McGhee
Batting: SHB Kevin Carlile 0-0: Called Strike
0-1: Ball
1-1: Fly out, F6 (Line Drive, 6)
Batting: RHB Harry Reynolds 0-0: Fly out, F9 (Flyball, 9LMF)
Batting: RHB Gustavo Varela 0-0: Called Strike
0-1: SINGLE (Groundball, 56D)
Batting: RHB Bryan Wilson 0-0: Ball
Gustavo Varela is caught stealing 2nd base
Top of the 3rd over - 0 run(s), 1 hit(s), 0 error(s), 0 left on base; Chesapeake 0 - Glendale 0
BOTTOM OF THE 3RD
Glendale Herons batting - Pitching for Chesapeake Continentals : RHP Aurelio López
Batting: SHB Jim Bunker 0-0: Ball
1-0: Ball
2-0: Foul Ball, location: 2F
2-1: Called Strike
2-2: Strikes out swinging
Batting: RHB Jim Unknown 0-0: Called Strike
0-1: Foul Ball, location: 2F
0-2: Foul Ball, location: 2F
0-2: Foul Ball, location: 2F
0-2: SINGLE (Flyball, 89S)
Batting: SHB Lou Boone 0-0: Foul Ball, location: 2F
0-1: Ball
1-1: Foul Ball, location: 2F
1-2: Foul Ball, location: 2F
1-2: Strikes out looking
Batting: RHB José Villegas 0-0: Foul Ball, location: 2F
0-1: Foul Ball, location: 2F
0-2: Ground out 4-3 (Groundball, 4)
Bottom of the 3rd over - 0 run(s), 1 hit(s), 0 error(s), 1 left on base; Chesapeake 0 - Glendale 0
TOP OF THE 4TH
Chesapeake Continentals batting - Pitching for Glendale Herons : RHP Bob McGhee
Batting: RHB Bryan Wilson 0-0: Ball
1-0: Foul Ball, location: 2F
1-1: Foul Ball, location: 2F
1-2: SINGLE (Groundball, 56)
Batting: LHB Wayne Akers 0-0: Ball
1-0: Ball
2-0: Foul Ball, location: 2F
2-1: Foul Ball, location: 2F
2-2: Ball
3-2: Base on Balls
Bryan Wilson to second
Batting: RHB Mike Peterson 0-0: Foul Ball, location: 2F
0-1: DOUBLE (Flyball, 8RD)
Bryan Wilson scores
Wayne Akers to third
Batting: SHB Dominique Prost 0-0: Swinging Strike
0-1: Ball
1-1: Ball
2-1: Foul Ball, location: 2F
2-2: DOUBLE (Flyball, 78M)
Wayne Akers scores
Mike Peterson scores
Batting: LHB José Estrada 0-0: Foul Ball, location: 2F
0-1: Swinging Strike
0-2: Fly out, F5 (Popup, 5DF)
Batting: RHB Anrrique Bolo 0-0: Ball
1-0: Fly out, F8 (Flyball, 8LM)
Batting: SHB Kevin Carlile 0-0: Called Strike
0-1: Swinging Strike
0-2: Fly out, F9 (Flyball, 89M)
Top of the 4th over - 3 run(s), 3 hit(s), 0 error(s), 1 left on base; Chesapeake 3 - Glendale 0
BOTTOM OF THE 4TH
Glendale Herons batting - Pitching for Chesapeake Continentals : RHP Aurelio López
Batting: LHB José Rodríguez 0-0: Reached on error, E6 (Groundball, 6)
Batting: RHB Jim Unknown 0-0: Ball
1-0: Grounds into double play, 5-4-3 (Groundball, 5L)
Batting: RHB Ángel López 0-0: Foul Ball, location: 2F
0-1: Swinging Strike
0-2: Foul Ball, location: 2F
0-2: Ball
1-2: SINGLE (Line Drive, 7S)
Batting: LHB Pedro Rodríguez 0-0: Ball
1-0: Fly out, F7 (Flyball, 7D)
Bottom of the 4th over - 0 run(s), 1 hit(s), 1 error(s), 1 left on base; Chesapeake 3 - Glendale 0
TOP OF THE 5TH
Chesapeake Continentals batting - Pitching for Glendale Herons : RHP Bob McGhee
Batting: RHB Harry Reynolds 0-0: Foul Ball, location: 2F
0-1: Ball
1-1: Ball
2-1: Ground out 4-3 (Groundball, 4M)
Batting: RHB Gustavo Varela 0-0: Called Strike
0-1: Foul Ball, location: 2F
0-2: Ball
1-2: Ball
2-2: Foul Ball, location: 2F
2-2: Foul Ball, location: 2F
2-2: SINGLE (Groundball, 56D)
Batting: RHB Bryan Wilson 0-0: Ball
1-0: Fly out, F7 (Flyball, 7S)
Batting: LHB Wayne Akers 0-0: Ball
1-0: Called Strike
1-1: Ball
2-1: Ball
3-1: Called Strike
3-2: DOUBLE (Line Drive, 89M)
Gustavo Varela to third
Gustavo Varela scores
Batting: RHB Mike Peterson 0-0: Ball
1-0: Ball
2-0: Ball
3-0: Called Strike
3-1: Called Strike
3-2: Strikes out swinging
Top of the 5th over - 1 run(s), 2 hit(s), 0 error(s), 1 left on base; Chesapeake 4 - Glendale 0
BOTTOM OF THE 5TH
Glendale Herons batting - Pitching for Chesapeake Continentals : RHP Aurelio López
Batting: RHB Ángel Ruezga 0-0: Ball
1-0: Ball
2-0: Foul Ball, location: 2F
2-1: Ball
3-1: Base on Balls
Batting: SHB Jim Bunker 0-0: Ball
1-0: Ball
2-0: SINGLE (Line Drive, 6MD)
Ángel Ruezga to second
Batting: RHB Jim Unknown 0-0: Ball
1-0: Called Strike
1-1: Fly out, F8 (Flyball, 89S)
Batting: SHB Lou Boone 0-0: Foul Ball, location: 2F
0-1: Called Strike
0-2: Foul Ball, location: 2F
0-2: Fly out, F3 (Line Drive, 3)
Batting: RHB José Villegas 0-0: Called Strike
0-1: Swinging Strike
0-2: Ball
1-2: Strikes out swinging
Bottom of the 5th over - 0 run(s), 1 hit(s), 0 error(s), 2 left on base; Chesapeake 4 - Glendale 0
TOP OF THE 6TH
Chesapeake Continentals batting - Pitching for Glendale Herons : RHP Bob McGhee
Batting: SHB Dominique Prost 0-0: Called Strike
0-1: Ball
1-1: Fly out, F9 (Flyball, 9M)
Batting: LHB José Estrada 0-0: Swinging Strike
0-1: Called Strike
0-2: Ball
1-2: Ball
2-2: Fly out, F5 (Popup, 5F)
Batting: RHB Anrrique Bolo 0-0: Foul Ball, location: 2F
0-1: Foul Ball, location: 2F
0-2: Ball
1-2: Foul Ball, location: 2F
1-2: Ball
2-2: SOLO HOME RUN (Flyball, 78XD), Distance : 384 ft
Pitching: RHP Ralph Harvey
Batting: SHB Kevin Carlile 0-0: Fly out, F9 (Line Drive, 9M)
Top of the 6th over - 1 run(s), 1 hit(s), 0 error(s), 0 left on base; Chesapeake 5 - Glendale 0
BOTTOM OF THE 6TH
Glendale Herons batting - Pitching for Chesapeake Continentals : RHP Aurelio López
Batting: LHB José Rodríguez 0-0: Reached on error, E5 (Groundball, 5)
Batting: RHB Jim Unknown 0-0: Ball
1-0: Called Strike
1-1: Ball
2-1: Ball
3-1: Base on Balls
Batting: RHB Ángel López 0-0: Called Strike
0-1: Called Strike
0-2: Ball
1-2: Ball
2-2: SINGLE (Groundball, 34D)
José Rodríguez to third
Jim Unknown to second
Batting: LHB Pedro Rodríguez 0-0: Swinging Strike
0-1: Swinging Strike
0-2: Foul Ball, location: 2F
0-2: Ball
1-2: Ball
2-2: Grounds into double play, 4-6-3 (Groundball, 4)
José Rodríguez scores
Jim Unknown to third
Batting: RHB Ángel Ruezga 0-0: Ball
1-0: Swinging Strike
1-1: Ball
2-1: Ground out 4-3 (Groundball, 34)
Bottom of the 6th over - 1 run(s), 1 hit(s), 1 error(s), 1 left on base; Chesapeake 5 - Glendale 1
TOP OF THE 7TH
Chesapeake Continentals batting - Pitching for Glendale Herons : RHP Ralph Harvey
Batting: RHB Harry Reynolds 0-0: Swinging Strike
0-1: Swinging Strike
0-2: Fly out, F8 (Flyball, 8LM)
Batting: RHB Gustavo Varela 0-0: Ball
1-0: Ball
2-0: Called Strike
2-1: Ground out 4-3 (Groundball, 4)
Batting: RHB Bryan Wilson 0-0: SINGLE (Line Drive, 9LM)
Batting: LHB Wayne Akers 0-0: Ball
Bryan Wilson steals 2nd base
1-0: Ground out 6-3 (Groundball, 6M)
Top of the 7th over - 0 run(s), 1 hit(s), 0 error(s), 1 left on base; Chesapeake 5 - Glendale 1
BOTTOM OF THE 7TH
Glendale Herons batting - Pitching for Chesapeake Continentals : RHP Aurelio López
Batting: SHB Jim Bunker 0-0: Called Strike
0-1: Ground out 3-1 (Groundball, 3L)
Batting: RHB Jim Unknown 0-0: SINGLE (Line Drive, 6D)
Batting: SHB Lou Boone 0-0: Fly out, F6 (Popup, 6S)
Batting: RHB José Villegas 0-0: Ball
Jim Unknown steals 2nd base
1-0: Called Strike
1-1: Swinging Strike
1-2: Ball
2-2: SINGLE (Line Drive, 8LS)
Jim Unknown to third
Runner from 3rd tries for Home, SAFE, no throw or cutoff
Batting: LHB José Rodríguez 0-0: Called Strike
0-1: Ball
1-1: Ground out 5-3 (Groundball, 5)
Bottom of the 7th over - 1 run(s), 2 hit(s), 0 error(s), 1 left on base; Chesapeake 5 - Glendale 2
TOP OF THE 8TH
Chesapeake Continentals batting - Pitching for Glendale Herons : RHP Ralph Harvey
Batting: RHB Mike Peterson 0-0: Called Strike
0-1: Foul Ball, location: 2F
0-2: Ball
1-2: Ball
2-2: Foul Ball, location: 2F
2-2: Strikes out swinging
Batting: SHB Dominique Prost 0-0: Foul Ball, location: 2F
0-1: Ground out 4-3 (Groundball, 4M)
Batting: LHB José Estrada 0-0: Foul Ball, location: 2F
0-1: Swinging Strike
0-2: SINGLE (Groundball, 56D)
Batting: RHB Anrrique Bolo 0-0: Ball
1-0: Ball
2-0: Ball
3-0: Called Strike
3-1: Base on Balls
José Estrada to second
Batting: SHB Kevin Carlile 0-0: Fly out, F8 (Flyball, 8LM)
Top of the 8th over - 0 run(s), 1 hit(s), 0 error(s), 2 left on base; Chesapeake 5 - Glendale 2
BOTTOM OF THE 8TH
Glendale Herons batting - Pitching for Chesapeake Continentals : RHP Aurelio López
Batting: RHB Jim Unknown 0-0: Ball
1-0: Ball
2-0: Called Strike
2-1: SINGLE (Line Drive, 34)
Pitching: LHP Jim Unknown
Batting: RHB Ángel López 0-0: Foul Ball, location: 2F
0-1: Ball
1-1: Ball
2-1: Ball
3-1: Foul Ball, location: 2F
3-2: Foul Ball, location: 2F
3-2: Strikes out swinging
Batting: LHB Pedro Rodríguez 0-0: Ball
1-0: Ball
2-0: Called Strike
2-1: Foul Ball, location: 2F
2-2: Fly out, F6 (Popup, 6D)
Batting: RHB Ángel Ruezga 0-0: Ball
1-0: Ball
2-0: Ball
3-0: Base on Balls
Jim Unknown to second
Batting: SHB Jim Bunker 0-0: Ball
1-0: Foul Ball, location: 2F
1-1: Ball
2-1: Ground out U3 (Groundball, 3S)
Bottom of the 8th over - 0 run(s), 1 hit(s), 0 error(s), 2 left on base; Chesapeake 5 - Glendale 2
TOP OF THE 9TH
Chesapeake Continentals batting - Pitching for Glendale Herons : RHP Ralph Harvey
Batting: RHB Harry Reynolds 0-0: Called Strike
0-1: Foul Ball, location: 2F
0-2: Ball
1-2: Ball
2-2: Foul Ball, location: 2F
2-2: Strikes out looking
Batting: RHB Gustavo Varela 0-0: Called Strike
0-1: Ball
1-1: Swinging Strike
1-2: Ball
2-2: Strikes out looking
Pitching: RHP Alfredo Martínez
Batting: RHB Bryan Wilson 0-0: Ball
1-0: Called Strike
1-1: DOUBLE (Line Drive, 78M)
Batting: LHB Wayne Akers 0-0: Foul Ball, location: 2F
0-1: Called Strike
0-2: Fly out, F7 (Flyball, 78M)
Top of the 9th over - 0 run(s), 1 hit(s), 0 error(s), 1 left on base; Chesapeake 5 - Glendale 2
BOTTOM OF THE 9TH
Glendale Herons batting - Pitching for Chesapeake Continentals : LHP Jim Unknown
Now at 2B: Kirk Wells
Batting: RHB Jim Unknown 0-0: Swinging Strike
0-1: Ball
1-1: Ball
2-1: Ball
3-1: Swinging Strike
3-2: Fly out, F4 (Line Drive, 4)
Batting: SHB Lou Boone 0-0: Ball
1-0: Called Strike
1-1: Ball
2-1: Ball
3-1: Base on Balls
Batting: RHB José Villegas 0-0: Ball
Wild Pitch!
Lou Boone to second
1-0: Called Strike
1-1: Ground out 6-3 (Groundball, 6)
Batting: LHB José Rodríguez 0-0: Foul Ball, location: 2F
0-1: Ball
1-1: Ball
2-1: Ball
3-1: Base on Balls
Batting: RHB Jim Unknown 0-0: Swinging Strike
0-1: Ball
1-1: SINGLE (Flyball, 78S)
Lou Boone to third
José Rodríguez to second
Runner from 3rd tries for Home, SAFE, no throw or cutoff
Batting: RHB Ángel López 0-0: Ground out 5-3 (Groundball, 5S)
Bottom of the 9th over - 1 run(s), 1 hit(s), 0 error(s), 2 left on base; Chesapeake 5 - Glendale 3
This league is powered by Out of the Park Baseball, the baseball management simulation game for PC, Mac and Linux
Friday, October 23rd, 2015 - OOTP Baseball 16.9 Build 39